 Dungeon Crawl Stone Soup version 0.17-a0-1637-g5d65775 (webtiles) character file.

29623 LilCorpsy the Impaler (level 13, -5/116 HPs)
             Began as a Merfolk Gladiator on Aug 7, 2015.
             Was the Champion of Okawaru.
             Slain by a 16-headed hydra (10 damage)
             ... on level 2 of the Lair of Beasts.
             The game lasted 00:56:25 (20332 turns).

LilCorpsy the Impaler (Merfolk Gladiator)          Turns: 20332, Time: 00:56:26

Health: -5/116     AC: 10    Str: 25    XL:     13   Next: 46%
Magic:  13/13      EV: 28    Int:  7    God:    Okawaru [******]
Gold:   933        SH:  0    Dex: 20    Spells: 0 memorised, 12 levels left

rFire  . . .     SeeInvis .     d - +3 glaive
rCold  + . .     Clarity  .     J - +0 leather armour {MR+}
rNeg   + . .     SustAt   .     (no shield)
rPois  +         Gourm    .     n - +2 helmet
rElec  .         Spirit   .     (no cloak)
rCorr  .         Warding  +     c - +0 pair of gloves {Str+3}
rMut   .         Stasis   .     q - +2 pair of boots
MR     +....                    b - amulet of warding
Stlth  ++........               s - ring "Qargh" {rPois rF+ Str+7 Slay+2}
                                l - ring of ice

@: somewhat resistant to hostile enchantments, unstealthy
A: change form in water, swift swim, poison resistance, robust 1, no device heal
1
a: Heroism, Finesse, Renounce Religion


You were on level 2 of the Lair of Beasts.
You worshipped Okawaru.
Okawaru was exalted by your worship.
You were not hungry.

You visited 2 branches of the dungeon, and saw 14 of its levels.
You also visited: Ice Cave.

You collected 1067 gold pieces.
You spent 134 gold pieces at shops.

Inventory:

Hand weapons
 d - a +3 glaive (weapon)
Missiles
 i - 9 javelins of returning (quivered)
Armour
 c - a +0 pair of gloves of strength (worn)
 j - the +0 chain mail of Shadows and Fog {rElec rC- Int+2}
   (Okawaru gifted it to you in an ice cave)

   It affects your intelligence (+2).
   It makes you vulnerable to cold.
   It insulates you from electricity.
 n - a +2 helmet (worn)
 q - a +2 pair of boots (worn)
 C - the +2 buckler "Ulock" {Int+4, unknown}
   (Okawaru gifted it to you on level 2 of the Lair of Beasts)

   It affects your intelligence (+4).
 J - a +0 leather armour of magic resistance (worn)
Jewellery
 b - an amulet of warding (around neck)
 l - a ring of ice (left hand)
 s - the ring "Qargh" (right hand) {rPois rF+ Str+7 Slay+2}
   (You found it on level 5 of the Dungeon)

   [ring of protection from fire]

   It affects your strength (+7).
   It affects your accuracy and damage with ranged weapons and melee attacks
   (+2).
   It protects you from fire.
   It protects you from poison.
 y - an uncursed amulet of resist mutation
 z - an uncursed ring of protection from fire
Magical devices
 h - a wand of heal wounds (2)
 u - a wand of fireball (4)
 B - a wand of hasting (2)
 I - a wand of paralysis (11)
Scrolls
 a - 3 scrolls of teleportation
 e - 2 scrolls of remove curse
 g - 2 scrolls of recharging
 m - 5 scrolls of amnesia
 r - a scroll of magic mapping
 t - 4 scrolls of identify
 x - a scroll of fear
Potions
 p - 3 potions of curing
 A - a potion of ambrosia
Comestibles
 k - 14 royal jellies
 D - 3 fruits
 E - 5 bread rations


   Skills:
 + Level 11.2 Fighting
 * Level 18.9 Polearms
 - Level 2.0 Throwing
 * Level 17.7 Dodging
 + Level 0.9 Invocations


You had 12 spell levels left.
You didn't know any spells.

Dungeon Overview and Level Annotations

Branches:
Dungeon (10/15)            Temple (0/1) D:4            Lair (4/8) D:8
    Orc (0/4) D:10
  Swamp: Lair:3-6    Shoals: Lair:3-6     Snake: Lair:3-6    Spider: Lair:3-6

Altars:
Ashenzari
Kikubaaqudgha
Okawaru
Qazlal
Ru
Trog
Yredelemnul

Shops:
D:7 [   D:9 !   D:10 *


Innate Abilities, Weirdness & Mutations

You revert to your normal form in water.
You are very nimble and swift while swimming.
Your system is resistant to poisons.
You are robust (+10% HP).
Potions and wands are less effective at restoring your health.


Message History

The 16-headed hydra bites you but does no damage.
You climb upwards.
There is a stone staircase leading down here.
Zapping:
h - a wand of heal wounds (will waste charges)
Press: ? - help, Shift-Dir - straight line, f - you You feel much better.
Evoking this partially-identified wand wasted a few charges.
The 16-headed hydra misses you. The 16-headed hydra barely misses you.
The 16-headed hydra barely misses you.
The 16-headed hydra bites you but does no damage.
The 16-headed hydra closely misses you.
The 16-headed hydra completely misses you.
The 16-headed hydra barely misses you. The 16-headed hydra bites you!
* * * LOW HITPOINT WARNING * * *
The 16-headed hydra misses you. x2
The 16-headed hydra bites you!
* * * LOW HITPOINT WARNING * * *
The 16-headed hydra completely misses you. x2
The 16-headed hydra bites you!
You die...

#.....##.....####..##.#
#.....##......#...#####
.................##
#.#.....##.......#
....P.#.##.#.....##
########
..#...########....##
#.#....# ..'.....#
###...###......#
..#.....##
#(.D###.......#
.........#
#.@..##.......####
..#......#
##..##P..........#
..#......#
#..###.......####
#####..###
#...##.....### # ####
##.####...## ## #...#
#...###### .# ##..#
##...#...# .#### #..#
####...## ..#.#######
#P.## #...###


You could see a 16-headed hydra.

Vanquished Creatures
  A white draconian (IceCv)
  Snorg (Lair:4)
  A hydra (Lair:4)
  A death yak (IceCv)
  A fire crab (Lair:2)
  An ice statue (IceCv)
  An orc knight (D:10)
  A hill giant (D:8)
  A griffon (Lair:4)
  Joseph (D:7)
  A gargoyle (D:10)
  4 spiny frogs
  3 komodo dragons
  3 black mambas
  A queen bee (Lair:1)
  Prince Ribbit (D:7)
  A blink frog (Lair:2)
  18 polar bears
  21 yaks
  Eustachio (D:6)
  A hungry ghost (D:8)
  Grum (D:8)
  5 hippogriffs
  16 wolves
  6 water moccasins
  11 ice beasts
  8 orc warriors
  8 porcupines
  2 wasps (Lair:4)
  4 ogres
  A black bear (D:9)
  8 crocodiles
  An eye of draining (D:9)
  6 centaurs
  2 big kobolds
  10 giant frogs
  2 scorpions
  29 killer bees
  3 wights (D:7)
  6 electric eels
  2 jellies
  10 orc priests
  19 orc wizards
  6 hounds
  A centaur skeleton (D:5)
  A gnoll shaman (D:4)
  11 iguanas
  8 sheep
  A hound zombie (D:8)
  A hound skeleton (D:7)
  16 gnolls
  19 adders
  2 worker ant zombies
  23 river rats
  A shadow imp (D:8)
  3 oozes
  An adder skeleton (D:7)
  3 adder zombies
  6 worms
  3 giant geckos
  58 orcs
  7 giant cockroaches
  4 goblins
  5 hobgoblins
  9 jackals
  5 quokkas
  16 bats
  A giant gecko skeleton (D:6)
  10 giant newts
  34 kobolds
  A quokka skeleton (D:7)
  14 rats
  A spectral orc (D:5)
496 creatures vanquished.

Vanquished Creatures (collateral kills)
  A hydra (Lair:4)
  A spiny frog (Lair:4)
  A wasp (Lair:4)
  A crocodile (Lair:4)
4 creatures vanquished.

Vanquished Creatures (others)
  2 bushes
  9 fungi
  8 plants
19 creatures vanquished.

Grand Total: 519 creatures vanquished

Notes
Turn   | Place    | Note
--------------------------------------------------------------
     0 | D:1      | LilCorpsy the Merfolk Gladiator began the quest for the Orb.
     0 | D:1      | Reached XP level 1. HP: 16/16 MP: 1/1
    51 | D:1      | Reached XP level 2. HP: 22/22 MP: 2/2
   182 | D:1      | Reached skill level 5 in Polearms
   342 | D:1      | Reached XP level 3. HP: 18/28 MP: 3/3
   874 | D:2      | Reached skill level 5 in Dodging
   881 | D:2      | Reached XP level 4. HP: 32/34 MP: 4/4
  1121 | D:2      | Reached skill level 6 in Polearms
  1124 | D:2      | Reached XP level 5. HP: 2/40 MP: 5/5
  1603 | D:2      | Found a bloodstained altar of Trog.
  2439 | D:3      | Reached skill level 7 in Polearms
  2439 | D:3      | Reached XP level 6. HP: 18/47 MP: 6/6
  2701 | D:3      | Gained mutation: Potions and wands are less effective at restoring your health. [potion of mutation]
  2701 | D:3      | Gained mutation: Your system is resistant to poisons. [potion of mutation]
  2701 | D:3      | Gained mutation: You are robust (+10% HP). [potion of mutation]
  3155 | D:3      | Found an iron altar of Okawaru.
  3179 | D:3      | Became a worshipper of Warmaster Okawaru
  3736 | D:4      | Found a shattered altar of Ashenzari.
  3744 | D:4      | Reached XP level 7. HP: 45/57 MP: 7/7
  3840 | D:4      | Reached skill level 8 in Polearms
  4209 | D:4      | Found a staircase to the Ecumenical Temple.
  4716 | D:4      | Acquired Okawaru's first power
  4809 | D:4      | Reached skill level 9 in Polearms
  5089 | D:5      | Entered Level 5 of the Dungeon
  5126 | D:5      | Found a basalt altar of Yredelemnul.
  5161 | D:5      | Found an ancient bone altar of Kikubaaqudgha.
  5496 | D:5      | Reached XP level 8. HP: 67/67 MP: 8/8
  6121 | D:5      | Got a warped brass ring
  6197 | D:5      | Found a stormy altar of Qazlal.
  6548 | D:6      | Reached skill level 5 in Fighting
  6618 | D:6      | Reached skill level 10 in Polearms
  6694 | D:6      | Identified the ring "Qargh" {rPois rF+ Str+7 Slay+2} (You found it on level 5 of the Dungeon)
  6791 | D:6      | Noticed Eustachio
  6804 | D:6      | Killed Eustachio
  7083 | D:6      | Found a sacrificial altar of Ru.
  7425 | D:7      | Found Qinol's Armour Boutique.
  7484 | D:7      | Reached skill level 10 in Dodging
  7528 | D:7      | Noticed Prince Ribbit
  7535 | D:7      | Reached XP level 9. HP: 74/74 MP: 9/9
  7552 | D:7      | Killed Prince Ribbit
  7552 | D:7      | Reached skill level 11 in Polearms
  7934 | D:7      | Noticed Joseph
  7951 | D:7      | Killed Joseph
  8080 | D:7      | Reached skill level 12 in Polearms
  8172 | D:8      | Found a staircase to the Lair.
  8283 | D:8      | Noticed Grum
  8291 | D:8      | Killed Grum
  8672 | D:8      | Reached XP level 10. HP: 75/84 MP: 10/10
  8828 | D:8      | Reached skill level 13 in Polearms
  9265 | D:8      | Noticed a hill giant
  9269 | D:8      | Killed a hill giant
  9521 | D:9      | Found Banokhle Ryeb's Distillery.
  9524 | D:9      | Bought a potion of heal wounds for 70 gold pieces
 10351 | D:10     | Entered Level 10 of the Dungeon
 10573 | D:10     | Reached skill level 14 in Polearms
 11130 | D:10     | Found Gobo's Assorted Antiques.
 11137 | D:10     | Bought a glowing leather armour for 64 gold pieces
 11184 | D:10     | Received a gift from Okawaru
 11758 | D:10     | Noticed an orc knight
 11759 | D:10     | Found a staircase to the Orcish Mines.
 11789 | D:10     | Killed an orc knight
 11789 | D:10     | Acquired Okawaru's second power
 11789 | D:10     | Reached XP level 11. HP: 42/94 MP: 11/11
 12456 | Lair:1   | Entered Level 1 of the Lair of Beasts
 12492 | Lair:1   | Found a sacrificial altar of Ru.
 12553 | Lair:1   | Reached skill level 15 in Polearms
 13700 | Lair:1   | Received a gift from Okawaru
 14667 | Lair:2   | Received a gift from Okawaru
 14701 | Lair:2   | Noticed a fire crab
 14712 | Lair:2   | Killed a fire crab
 14712 | Lair:2   | Reached skill level 16 in Polearms
 14712 | Lair:2   | Reached skill level 15 in Dodging
 14718 | Lair:2   | Received a gift from Okawaru
 14719 | Lair:2   | Got a transparent buckler {god gift}
 14993 | Lair:2   | Found a frozen archway.
 15029 | IceCv    | Entered an ice cave
 15087 | IceCv    | Reached XP level 12. HP: 100/105 MP: 12/12
 15201 | IceCv    | Noticed an ice statue
 15437 | IceCv    | Killed an ice statue
 15805 | IceCv    | Reached skill level 10 in Fighting
 15905 | IceCv    | Reached skill level 17 in Polearms
 15922 | IceCv    | Noticed a death yak
 15931 | IceCv    | Killed a death yak
 16329 | IceCv    | Noticed a white draconian
 16355 | IceCv    | Killed a white draconian
 16355 | IceCv    | Received a gift from Okawaru
 16701 | IceCv    | Got an agate-encrusted chain mail {god gift}
 16713 | IceCv    | Identified the +0 chain mail of Shadows and Fog {rElec rC- Int+2} (Okawaru gifted it to you in an ice cave)
 17255 | Lair:2   | Reached skill level 18 in Polearms
 17671 | Lair:3   | Reached XP level 13. HP: 110/114 MP: 13/13
 17690 | Lair:3   | Noticed a six-headed hydra
 18668 | Lair:4   | Noticed Snorg
 18679 | Lair:4   | Killed Snorg
 19954 | Lair:4   | Received a gift from Okawaru
 20332 | Lair:2   | HP: 5/116 [16-headed hydra (13)]
 20332 | Lair:2   | Slain by a 16-headed hydra

Vault maps used:
D:1:      dpeg_arrival_tiny_a, serial_bayou, serial_bayou_shore_b,
          serial_bayou_ford_a, serial_bayou_pond_d, serial_bayou_crossing,
          hangedman_decor_diamond_cutter
D:2:      lemuel_coloured_pillars_altar, first_bread, serial_park_tiny_2
D:3:      okawaru_trees_2
D:4:      kennysheep_kobold_camp, ashenzari_altar_1,
          minmay_temple_entry_junction
D:5:      nicolae_overflow_hidden_temple, kennysheep_mini_moat,
          yredelemnul_forgotten_temple_becter, grunt_decor_clamped
D:6:      nicolae_ru_path_of_blood, uniq_eustachio
D:7:      serial_shops, nicolae_shop_behind_doors, uniq_prince_ribbit1,
          uniq_joseph
D:8:      due_lair_maze_entry_diamond, uniq_grum
D:9:      serial_shops, nicolae_shop_window_shopping
D:10:     erik_orc_2, serial_shops, nicolae_shop_trees
Lair:1:   serial_bayou, serial_bayou_pond_c, serial_bayou_pond_b,
          serial_bayou_shore_a, serial_bayou_lagoon_a, serial_bayou_lake_a,
          serial_bayou_pond_d, basic_altar
Lair:2:   portal_ice_cave_entry_ice_beasts, serial_bayou_pond_c,
          hangedman_lair_generics_rect, infiniplex_staircase_pool_2
Lair:3:   uniq_fannar
Lair:4:   minmay_lair_venomous_thicket, beast_lair_carwin_5,
          lemuel_fruit_fields, uniq_snorg
IceCv:    ice_cave_caverns_03

Action                   |  1- 3 |  4- 6 |  7- 9 | 10-12 | 13-15 || total
-------------------------+-------+-------+-------+-------+-------++-------
Melee: Trident           |    94 |    25 |   191 |       |       ||   310
       Halberd           |       |   190 |   183 |       |       ||   373
       Glaive            |       |       |    22 |   772 |   220 ||  1014
Throw: Throwing net      |       |     1 |    10 |     2 |       ||    13
       Javelin           |       |       |       |     1 |       ||     1
Evoke: Wand              |       |       |       |       |     7 ||     7
       Phantom mirror    |       |       |       |       |     1 ||     1
  Use: Potion            |       |     3 |       |     8 |     3 ||    14
       Scroll            |       |     6 |    13 |     5 |     8 ||    32
 Stab: Sleeping          |     1 |     3 |     4 |     9 |     2 ||    19
       Held in net/web   |       |     1 |    10 |       |       ||    11
       Distracted        |       |     1 |       |     5 |       ||     6
       Invisible         |       |     3 |       |       |       ||     3
  Eat: Bread ration      |       |     2 |     1 |       |       ||     3
       Pizza             |       |     1 |     2 |     3 |     1 ||     7
       Meat ration       |       |       |     1 |     3 |       ||     4
       Beef jerky        |       |       |     1 |       |     4 ||     5
       Royal jelly       |       |       |       |     4 |       ||     4
       Fruit             |       |       |       |     3 |     1 ||     4
